TOP OF THE 1ST |
Oakland Oaks batting - Pitching for Calgary Flames : LHP Dae-Jung Cho
|
Pitching: LHP Dae-Jung Cho
|
|
Batting: RHB Scott Lister
|
0-0: Ball 1-0: Ball 2-0: Ball 3-0: Base on Balls
|
Batting: RHB Brian Callaghan
|
0-0: Called Strike 0-1: Ball 1-1: Ball Scott Lister steals 2nd base 2-1: Foul Ball, location: 2F 2-2: Ball 3-2: Strikes out swinging
|
Batting: LHB Alejandro Muniz
|
0-0: Fly out, F6 (Flyball, 56D, EV 92.5 MPH)
|
Batting: LHB Marcus Pollard
|
0-0: Swinging Strike 0-1: Called Strike 0-2: Ball 1-2: Ball 2-2: Strikes out swinging
|
Top of the 1st over - 0 runs, 0 hits, 0 errors, 1 left on base; Oakland 0 - Calgary 0 |
BOTTOM OF THE 1ST |
Calgary Flames batting - Pitching for Oakland Oaks : RHP Caleb Hansberger
|
Pitching: RHP Caleb Hansberger
|
|
Batting: RHB Dave McBain
|
0-0: Ground out 6-3 (Groundball, 6, EV 101.9 MPH)
|
Batting: RHB Wally Cangro
|
0-0: Fly out, F8 (Flyball, 8LD, EV 89.4 MPH)
|
Batting: RHB Eric McMillian
|
0-0: Ground out 6-3 (Groundball, 56, EV 106.9 MPH)
|
Bottom of the 1st over - 0 runs, 0 hits, 0 errors, 0 left on base; Oakland 0 - Calgary 0 |
TOP OF THE 2ND |
Oakland Oaks batting - Pitching for Calgary Flames : LHP Dae-Jung Cho
|
Batting: SHB Steve Salafia
|
0-0: Ball 1-0: Ball 2-0: Foul Ball, location: 2F 2-1: Ground out 4-3 (Groundball, 4, EV 93.1 MPH)
|
Batting: RHB Jon Coakley
|
0-0: Ball 1-0: Ball 2-0: Called Strike 2-1: Fly out, F9 (Line Drive, 9, EV 103.1 MPH)
|
Batting: LHB Igor Ciobanu
|
0-0: Called Strike 0-1: Foul Ball, location: 2F 0-2: Ball 1-2: Foul Ball, location: 2F 1-2: SINGLE (Groundball, 4D, EV 99.4 MPH)
|
Batting: LHB Mike Murphy
|
0-0: Swinging Strike 0-1: Ball 1-1: Called Strike 1-2: Ball 2-2: Foul Ball, location: 2F 2-2: Foul Ball, location: 2F 2-2: Fielders Choice at 2nd, 6-4 (Groundball, 6, EV 81.9 MPH)
|
Top of the 2nd over - 0 runs, 1 hit, 0 errors, 1 left on base; Oakland 0 - Calgary 0 |
BOTTOM OF THE 2ND |
Calgary Flames batting - Pitching for Oakland Oaks : RHP Caleb Hansberger
|
Batting: LHB Ramon Vega
|
0-0: Ground out 3-1 (Groundball, 34, EV 81.3 MPH)
|
Batting: RHB Kalidas Mishra
|
0-0: Ball 1-0: Ball 2-0: Ball 3-0: Called Strike 3-1: Foul Ball, location: 2F 3-2: Ground out 6-3 (Groundball, 6, EV 80.6 MPH)
|
Batting: RHB Ricardo Ortiz
|
0-0: Ball 1-0: Swinging Strike 1-1: Swinging Strike 1-2: Foul Ball, location: 2F 1-2: Strikes out swinging
|
Bottom of the 2nd over - 0 runs, 0 hits, 0 errors, 0 left on base; Oakland 0 - Calgary 0 |
TOP OF THE 3RD |
Oakland Oaks batting - Pitching for Calgary Flames : LHP Dae-Jung Cho
|
Batting: LHB Felipe Gomez
|
0-0: Foul Ball, location: 2F 0-1: Ball 1-1: Foul Ball, location: 2F 1-2: Fly out, F9 (Flyball, 9, EV 88.1 MPH)
|
Batting: RHB Scott Lister
|
0-0: Called Strike 0-1: Ball 1-1: Swinging Strike 1-2: Ball 2-2: Foul Ball, location: 2F 2-2: Strikes out swinging
|
Batting: RHB Brian Callaghan
|
0-0: Foul Ball, location: 2F 0-1: DOUBLE (Groundball, 5L, EV 94.4 MPH)
|
Batting: LHB Alejandro Muniz
|
0-0: Swinging Strike 0-1: Ground out 5-3 (Groundball, 56, EV 108.1 MPH)
|
Top of the 3rd over - 0 runs, 1 hit, 0 errors, 1 left on base; Oakland 0 - Calgary 0 |
BOTTOM OF THE 3RD |
Calgary Flames batting - Pitching for Oakland Oaks : RHP Caleb Hansberger
|
Batting: RHB Brian DeVoe
|
0-0: Foul Ball, location: 2F 0-1: Foul Ball, location: 2F 0-2: Strikes out swinging
|
Batting: RHB Mike MacLeod
|
0-0: Called Strike 0-1: Ball 1-1: Ball 2-1: Fly out, F7 (Flyball, 7D, EV 103.1 MPH)
|
Batting: RHB Jon Groseclose
|
0-0: Fly out, F9 (Flyball, 9, EV 81.9 MPH)
|
Bottom of the 3rd over - 0 runs, 0 hits, 0 errors, 0 left on base; Oakland 0 - Calgary 0 |
TOP OF THE 4TH |
Oakland Oaks batting - Pitching for Calgary Flames : LHP Dae-Jung Cho
|
Batting: LHB Marcus Pollard
|
0-0: Foul Ball, location: 2F 0-1: Foul Ball, location: 2F 0-2: Strikes out swinging
|
Batting: SHB Steve Salafia
|
0-0: Fly out, F8 (Line Drive, 8RM, EV 102.5 MPH)
|
Batting: RHB Jon Coakley
|
0-0: Ball 1-0: Called Strike 1-1: Ground out 5-3 (Groundball, 56S, EV 92.5 MPH)
|
Top of the 4th over - 0 runs, 0 hits, 0 errors, 0 left on base; Oakland 0 - Calgary 0 |
BOTTOM OF THE 4TH |
Calgary Flames batting - Pitching for Oakland Oaks : RHP Caleb Hansberger
|
Batting: RHB Dave McBain
|
0-0: Ball 1-0: Called Strike 1-1: Foul Ball, location: 2F 1-2: Foul Ball, location: 2F 1-2: Foul Ball, location: 2F 1-2: Ball 2-2: Strikes out swinging
|
Batting: RHB Wally Cangro
|
0-0: Ball 1-0: Called Strike 1-1: Ball 2-1: Foul Ball, location: 2F 2-2: SINGLE (Line Drive, 8RM, EV 105.6 MPH)
|
Batting: RHB Eric McMillian
|
0-0: Ball 1-0: Called Strike 1-1: Ball Wally Cangro steals 2nd base 2-1: Foul Ball, location: 2F 2-2: Foul Ball, location: 2F 2-2: DOUBLE (Line Drive, 7LM, EV 105.0 MPH) Wally Cangro scores
|
Batting: LHB Ramon Vega
|
0-0: SINGLE (Groundball, 34S, EV 63.8 MPH) (infield hit) Eric McMillian to third
|
Batting: RHB Kalidas Mishra
|
0-0: Ball 1-0: Ball Ramon Vega steals 2nd, throwing error, E2 Eric McMillian scores Ramon Vega to third 2-0: Called Strike 2-1: Ball 3-1: Called Strike 3-2: Strikes out swinging
|
Batting: RHB Ricardo Ortiz
|
0-0: Called Strike 0-1: Swinging Strike 0-2: Ball 1-2: Foul Ball, location: 2F 1-2: Ball 2-2: Ball 3-2: Foul Ball, location: 2F 3-2: Foul Ball, location: 2F 3-2: Strikes out looking
|
Bottom of the 4th over - 2 runs, 3 hits, 1 error, 1 left on base; Oakland 0 - Calgary 2 |
TOP OF THE 5TH |
Oakland Oaks batting - Pitching for Calgary Flames : LHP Dae-Jung Cho
|
Batting: LHB Igor Ciobanu
|
0-0: Called Strike 0-1: Ball 1-1: Called Strike 1-2: Fly out, F9 (Flyball, 9D, EV 95.0 MPH)
|
Batting: LHB Mike Murphy
|
0-0: Swinging Strike 0-1: Called Strike 0-2: Ball 1-2: Foul Ball, location: 2F 1-2: Ball 2-2: Ball 3-2: Ground out U3 (Groundball, 3L, EV 88.8 MPH)
|
Batting: LHB Felipe Gomez
|
0-0: Called Strike 0-1: Ball 1-1: Swinging Strike 1-2: Strikes out swinging
|
Top of the 5th over - 0 runs, 0 hits, 0 errors, 0 left on base; Oakland 0 - Calgary 2 |
BOTTOM OF THE 5TH |
Calgary Flames batting - Pitching for Oakland Oaks : RHP Caleb Hansberger
|
Batting: RHB Brian DeVoe
|
0-0: Called Strike 0-1: Ball 1-1: Called Strike 1-2: Foul Ball, location: 2F 1-2: Ball 2-2: Foul Ball, location: 2F 2-2: Foul Ball, location: 2F 2-2: Ground out 6-3 (Groundball, 6, EV 86.9 MPH)
|
Batting: RHB Mike MacLeod
|
0-0: Called Strike 0-1: Ball 1-1: Foul Ball, location: 2F 1-2: Ball 2-2: Ball 3-2: Ground out 5-3 (Groundball, 5, EV 80.6 MPH)
|
Batting: RHB Jon Groseclose
|
0-0: Ball 1-0: Swinging Strike 1-1: Foul Ball, location: 2F 1-2: Ball 2-2: Strikes out swinging
|
Bottom of the 5th over - 0 runs, 0 hits, 0 errors, 0 left on base; Oakland 0 - Calgary 2 |
TOP OF THE 6TH |
Oakland Oaks batting - Pitching for Calgary Flames : LHP Dae-Jung Cho
|
Batting: RHB Scott Lister
|
0-0: SINGLE (Flyball, 6D, EV 82.5 MPH)
|
Batting: RHB Brian Callaghan
|
0-0: Ball 1-0: Foul Ball, location: 2F 1-1: Ball 2-1: Ball 3-1: Swinging Strike 3-2: Strikes out swinging
|
Batting: LHB Alejandro Muniz
|
0-0: Foul Ball, location: 2F 0-1: Ball Scott Lister is caught stealing 2nd base 2-6 1-1: Ground out 6-3 (Groundball, 6, EV 87.5 MPH)
|
Top of the 6th over - 0 runs, 1 hit, 0 errors, 0 left on base; Oakland 0 - Calgary 2 |
BOTTOM OF THE 6TH |
Calgary Flames batting - Pitching for Oakland Oaks : RHP Caleb Hansberger
|
Batting: RHB Dave McBain
|
0-0: Fly out, F9 (Flyball, 9, EV 86.3 MPH)
|
Batting: RHB Wally Cangro
|
0-0: Called Strike 0-1: Ball 1-1: Ground out 1-3 (Groundball, 13S, EV 75.6 MPH)
|
Batting: RHB Eric McMillian
|
0-0: Ball 1-0: DOUBLE (Flyball, 8RXD, EV 100.0 MPH)
|
Batting: LHB Ramon Vega
|
0-0: SINGLE (Groundball, 4M, EV 104.4 MPH) (infield hit) Eric McMillian to third
|
Batting: RHB Kalidas Mishra
|
0-0: Ball Ramon Vega is caught stealing 2nd base 2-4
|
Bottom of the 6th over - 0 runs, 2 hits, 0 errors, 1 left on base; Oakland 0 - Calgary 2 |
TOP OF THE 7TH |
Oakland Oaks batting - Pitching for Calgary Flames : LHP Dae-Jung Cho
|
Batting: LHB Marcus Pollard
|
0-0: Foul Ball, location: 2F 0-1: Ball 1-1: Fly out, F8 (Line Drive, 8LM, EV 93.1 MPH)
|
Batting: SHB Steve Salafia
|
0-0: Ball 1-0: Ball 2-0: Called Strike 2-1: Ball 3-1: Swinging Strike 3-2: Base on Balls
|
Batting: RHB Jon Coakley
|
0-0: Foul Ball, location: 2F 0-1: Foul Ball, location: 2F 0-2: Ball 1-2: Ball 2-2: Ground out 4-3 (Groundball, 34, EV 106.3 MPH) Steve Salafia to second
|
Batting: LHB Igor Ciobanu
|
0-0: Ball 1-0: Swinging Strike 1-1: Ball 2-1: Ball 3-1: Called Strike 3-2: Base on Balls
|
Batting: LHB Mike Murphy
|
0-0: Ball 1-0: Swinging Strike 1-1: Swinging Strike 1-2: Ball 2-2: Strikes out swinging
|
Top of the 7th over - 0 runs, 0 hits, 0 errors, 2 left on base; Oakland 0 - Calgary 2 |
BOTTOM OF THE 7TH |
Calgary Flames batting - Pitching for Oakland Oaks : RHP Caleb Hansberger
|
Batting: RHB Kalidas Mishra
|
0-0: Called Strike 0-1: Swinging Strike 0-2: Foul Ball, location: 2F 0-2: Ball 1-2: Ball 2-2: Foul Ball, location: 2F 2-2: Fly out, F9 (Flyball, 89M, EV 80.0 MPH)
|
Batting: RHB Ricardo Ortiz
|
0-0: Called Strike 0-1: Called Strike 0-2: Fly out, F4 (Line Drive, 4, EV 66.3 MPH)
|
Batting: RHB Brian DeVoe
|
0-0: Ball 1-0: Fly out, F7 (Flyball, 7, EV 91.3 MPH)
|
Bottom of the 7th over - 0 runs, 0 hits, 0 errors, 0 left on base; Oakland 0 - Calgary 2 |
TOP OF THE 8TH |
Oakland Oaks batting - Pitching for Calgary Flames : LHP Dae-Jung Cho
|
Batting: LHB Felipe Gomez
|
0-0: Foul Ball, location: 2F 0-1: SINGLE (Groundball, 34D, EV 98.8 MPH)
|
Batting: RHB Scott Lister
|
0-0: Ball 1-0: Called Strike 1-1: Ball 2-1: Ball 3-1: Called Strike 3-2: Base on Balls Felipe Gomez to second
|
Batting: RHB Brian Callaghan
|
0-0: Ball 1-0: Sac Bunt to 13S - play at first, batter OUT! 1-3 Felipe Gomez to third Scott Lister to second
|
Batting: LHB Alejandro Muniz
|
0-0: Ball 1-0: Called Strike 1-1: Called Strike 1-2: SINGLE (Line Drive, 8LS, EV 98.8 MPH) Felipe Gomez scores Scott Lister to third Runner from 3rd tries for Home, SAFE, throw by CF to home
|
Pitching: RHP Ching Ge
|
|
Batting: LHB Marcus Pollard
|
0-0: Ball 1-0: Fly out, F8 (Flyball, 8LS, EV 93.1 MPH)
|
Batting: SHB Steve Salafia
|
0-0: Called Strike 0-1: Fly out, F7 (Flyball, 7LM, EV 83.1 MPH)
|
Top of the 8th over - 2 runs, 2 hits, 0 errors, 1 left on base; Oakland 2 - Calgary 2 |
BOTTOM OF THE 8TH |
Calgary Flames batting - Pitching for Oakland Oaks : RHP Caleb Hansberger
|
Batting: RHB Mike MacLeod
|
0-0: Swinging Strike 0-1: Ball 1-1: Ball 2-1: Foul Ball, location: 2F 2-2: Fly out, F6 (Popup, 6M, EV 57.5 MPH)
|
Batting: LHB Tony Contreras
|
0-0: Called Strike 0-1: SOLO HOME RUN (Flyball, 89XD, EV 103.8 MPH), Distance : 415 ft
|
Batting: RHB Dave McBain
|
0-0: Ball 1-0: Ball 2-0: Ground out 5-3 (Groundball, 25, EV 87.5 MPH)
|
Batting: RHB Wally Cangro
|
0-0: Called Strike 0-1: Foul Ball, location: 2F 0-2: Ball 1-2: Ball 2-2: Foul Ball, location: 2F 2-2: Ball 3-2: Fly out, F7 (Line Drive, 7, EV 101.9 MPH)
|
Bottom of the 8th over - 1 run, 1 hit, 0 errors, 0 left on base; Oakland 2 - Calgary 3 |
TOP OF THE 9TH |
Oakland Oaks batting - Pitching for Calgary Flames : RHP Ching Ge
|
Pitching: RHP Mike Swenson
|
|
Batting: RHB Jon Coakley
|
0-0: Ball 1-0: Ground out 6-3 (Groundball, 6, EV 106.3 MPH)
|
Batting: LHB Igor Ciobanu
|
0-0: Ball 1-0: SINGLE (Line Drive, 6D, EV 102.5 MPH)
|
Batting: LHB Mike Murphy
|
0-0: Ball 1-0: Swinging Strike 1-1: Swinging Strike 1-2: Strikes out swinging
|
Batting: LHB Felipe Gomez
|
0-0: Called Strike 0-1: Foul Ball, location: 2F 0-2: Ball 1-2: Foul Ball, location: 2F 1-2: Ball 2-2: Fly out, F7 (Flyball, 78S, EV 75.6 MPH)
|
Top of the 9th over - 0 runs, 1 hit, 0 errors, 1 left on base; Oakland 2 - Calgary 3 |
|